 Dungeon Crawl Stone Soup version 0.31-a0-963-ga325b2283a (webtiles) character file.

Game seed: 4760454063660640753

67 senseless the Shooter (level 3, -7/30 HPs)
             Began as a Demigod Hunter on Oct 24, 2023.
             Mangled by an ogre
             ... wielding a +0 giant club
              (20 damage)
             ... on level 3 of the Dungeon.
             The game lasted 00:03:18 (1469 turns).

senseless the Shooter (Demigod Hunter)              Turns: 1469, Time: 00:03:18

Health: -7/30      AC:  4    Str: 18    XL:     3   Next: 72%
Magic:  5/5        EV: 13    Int: 11    God:
Gold:   111        SH:  5    Dex: 21    Spells: 2/2 levels left

rFire   . . .        b - +0 falchion
rCold   . . .        (no shield)
rNeg    . . .        c - +0 leather armour
rPois   .            (no helmet)
rElec   .            (no cloak)
rCorr   .            (no gloves)
SInv    .            q - +0 pair of boots
Will    .....        k - amulet of reflection
Stlth   ++           d - +6 ring of strength
HPRegen 0.25/turn    (no ring)
MPRegen 0.09/turn

%: reflection
@: no status effects
A: high MP 1, forlorn, divine attributes
a: no special abilities


You were on level 3 of the Dungeon.
You visited 1 branch of the dungeon, and saw 3 of its levels.

You collected 111 gold pieces.

Inventory:

Hand Weapons
 a - a +0 shortbow
 b - a +0 falchion (weapon)
 i - a +0 rapier
Missiles
 m - 2 poisoned darts (quivered)
Armour
 c - a +0 leather armour (worn)
 q - a +0 pair of boots (worn)
Jewellery
 d - a +6 ring of strength (left hand)
 k - an amulet of reflection (around neck)
Scrolls
 e - a scroll of identify {unknown}
 f - a scroll of immolation {unknown}
 g - a scroll of butterflies
 l - a scroll of fog {unknown}
 n - 4 scrolls of silence {unknown}
Potions
 h - a potion of heal wounds {unknown}
 j - a potion of degeneration {unknown}
 o - a potion of haste {unknown}
 p - a potion of magic {unknown}


   Skills:
 + Level 2.7 Fighting
 + Level 4.1 Ranged Weapons
 + Level 2.6 Dodging
 - Level 0.8 Stealth


You had 2 spell levels left.
You didn't know any spells.
Your spell library contained the following spells:

 Spells                   Type           Power      Damage    Failure   Level
 Kiss of Death            Conj/Necr      0%         2d5       38%         1
 Confusing Touch          Hex            0%         N/A       77%         3
 Ozocubu's Armour         Ice            0%         N/A       77%         3
 Dispel Undead            Necr           0%         3d6       99%         4
 Ozocubu's Refrigeration  Ice            0%         4d7       100%        7


Dungeon Overview and Level Annotations

Branches:
Dungeon (3/15)


Innate Abilities, Weirdness & Mutations

You have an increased reservoir of magic. (+10% MP)
You shall have no god before yourself.
Your divine heritage dramatically boosts your attributes as you level up.


Message History

a - a +0 shortbow (weapon)
Things that are here:
a +0 dagger; a goblin corpse An endoplasm comes into view.
You see here 8 gold pieces.
You shoot an arrow.
The arrow hits the endoplasm but does no damage.
The endoplasm quivers.
You shoot an arrow. The arrow hits the endoplasm.
The endoplasm is almost dead.
You shoot an arrow.
The arrow completely misses the endoplasm.
You shoot an arrow. The arrow hits the endoplasm!
You kill the endoplasm!
You now have 111 gold pieces (gained 8).
Found a shadowy altar of Dithmenos.
An ogre comes into view. It is wielding a +0 giant club.
q - a +0 pair of boots You start putting on your armour.
You continue putting on your +0 pair of boots. x4
You finish putting on your +0 pair of boots.
You shoot an arrow. The arrow barely misses the ogre.
You shoot an arrow. The arrow hits the ogre.
The ogre is lightly wounded.
You shoot an arrow.
The arrow hits the ogre but does no damage.
You shoot an arrow. The arrow hits the ogre!
The ogre is moderately wounded.
b - a +0 falchion (weapon)
The ogre hits you with a +0 giant club!!
Ouch! That really hurt!
You are too injured to fight recklessly!
You are too injured to fight recklessly!
You hit the ogre but do no damage.
The ogre is moderately wounded.
You hit the ogre but do no damage.
The ogre is moderately wounded.
The ogre hits you with a +0 giant club!!
Ouch! That really hurt!
You die...

.. #.## .. #... ..#####..#
......#..## ......#...### ..
#.....#...##.# #.
#.#..........# #.#
####.#..O@...#..#
..####............# ...
###....#.####.####..# .
.....#...# #....#.....
.....##..# ##....#....#
.........###.....#......
.....##......_...........
.....###.#.....###..#...>.....
......##.#....## #...........#


You could see an ogre.

Vanquished Creatures
  2 adders (D:2)
  3 ball pythons
  3 endoplasms
  4 giant cockroaches (D:1)
  6 goblins
  4 hobgoblins
  7 jackals
  4 quokkas
  4 bats
  A frilled lizard (D:2)
  3 kobolds
  2 rats (D:1)
43 creatures vanquished.

Notes
Turn   | Place    | Note
-------+----------+-------------------------------------------
     0 | D:1      | senseless the Demigod Hunter began the quest for the Orb.
     0 | D:1      | Reached XP level 1. HP: 17/17 MP: 3/3
   139 | D:1      | Reached XP level 2. HP: 17/24 MP: 4/4
   723 | D:2      | Reached skill level 4 in Ranged Weapons
   723 | D:2      | Reached XP level 3. HP: 30/30 MP: 5/5
  1451 | D:3      | Noticed an ogre
  1469 | D:3      | Mangled by an ogre

Illustrated notes

Levels and vault maps discovered:
D:1:      minmay_arrival_shattered_statue, layout_rooms, minmay_pentomino_p2
D:2:      layout_loops_cross, chequers_ecumenical_altar_simple_redux
D:3:      layout_rooms, nicolae_overflow_crystal_walls, uniq_sigmund

Skill      XL: |  1  2 |
---------------+-------+-----
Fighting       | 2 |  2.7
Dodging        | 2 |  2.6
Ranged Weapons | 4 |  4.1
Stealth        | |  0.8

Action                     || total
---------------------------++-------
  Melee: Falchion          ||    28
         Rapier            ||     9
   Fire: Shortbow          ||    98
 Armour: Leather armour    ||    33
  Dodge: Dodged            ||    39
  Block: Other             ||     6

Table legend: (Time is in decaauts)
 A = Elapsed time spent in this place.
 B = Non-inter-level travel time spent in this place.
 C = Inter-level travel time spent in this place.
 D = Time resting spent in this place.
 E = Time spent auto-exploring this place.
 F = Levels seen in this place.
 G = Mean time per level.
                   A        B        C        D        E       F      G
               +--------+--------+--------+--------+--------+-----+--------+
         Total |   1492 |   1415 |     77 |      0 |   1131 |   3 |  497.3 |
       Dungeon |   1492 |   1415 |     77 |      0 |   1131 |   3 |  497.3 |
               +--------+--------+--------+--------+--------+-----+--------+

Top non-repeatable levels by time:
     D:2: 816 daAuts
     D:1: 583 daAuts
     D:3: 92 daAuts
